[Event "10th Floripa Open 2024"]
[Site "Florianopolis"]
[Date "2024.01.22"]
[Round "2.7"]
[White "Haldorsen, Benjamin"]
[Black "Bassani, Jaison Jose"]
[Result "1-0"]
[ECO "B23"]
[WhiteElo "2427"]
[BlackElo "1949"]
[Annotator "RC"]
[PlyCount "83"]
[EventDate "2024.01.10"]
[EventType "swiss"]
[EventCountry "BRA"]
[SourceTitle "playchess.com"]
[Source "ChessBase"]
[SourceQuality "1"]
[TimeControl "5400+30"]

1. e4 c5 2. Nc3 Nc6 3. Bb5 d6 4. Bxc6+ bxc6 5. d3 g6 6. f4 Bg7 7. Nf3 Nh6 8. O-O O-O 9. Qe1 f6 10. e5 Nf5 11. exd6 exd6 12. Qf2 Re8 13. b3 Be6 14. Re1 Qd7 15. Bb2 Re7 16. Ne4 Rf8 17. c4 h6 18. h3 h5 19. Rad1 Qc7 20. Bc3 Bc8 21. Ng3 Rfe8 22. Rxe7 Rxe7 23. Ne4 Kf7 24. Bd2 Kg8 25. Bc3 Kf7 26. Nh4 Nd4 27. Bxd4 cxd4 28. Qxd4 f5 29. Ng5+ Kg8 30. Qf2 c5 31. Ngf3 Bf6 32. Nxg6 Rg7 33. Ngh4 Bb7 34. Nxf5 Rg6 35. N3h4 Rg7 36. Kh2 Qc6 37. Rg1 Rd7 38. Qg3+ Kf8 39. Qg6 d5 40. Re1 Rf7 41. cxd5 Qd7 42. Nh6 1-0

[Event "10th Floripa Open 2024"]
[Site "Florianopolis"]
[Date "2024.01.22"]
[Round "2.8"]
[White "Garmendia Vega, Gabriel"]
[Black "Matsuura, Everaldo"]
[Result "1/2-1/2"]
[ECO "B01"]
[WhiteElo "1937"]
[BlackElo "2410"]
[Annotator "RC"]
[PlyCount "89"]
[EventDate "2024.01.10"]
[EventType "swiss"]
[EventCountry "BRA"]
[SourceTitle "playchess.com"]
[Source "ChessBase"]
[SourceQuality "1"]
[TimeControl "5400+30"]

1. e4 d5 2. exd5 Nf6 3. d4 Nxd5 4. Nf3 Bg4 5. Be2 e6 6. O-O Be7 7. c4 Nb6 8. c5 N6d7 9. Nc3 O-O 10. Be3 Nc6 11. h3 Bh5 12. Qb3 Qc8 13. Rad1 Nf6 14. d5 exd5 15. Nxd5 Nxd5 16. Rxd5 Bg6 17. Rfd1 a5 18. Ne5 a4 19. Qc4 Nxe5 20. Rxe5 Bf6 21. Bg4 Qb8 22. Red5 Bxb2 23. h4 Qe8 24. Rd7 a3 25. Bg5 Qe4 26. Qxe4 Bxe4 27. Rxc7 h6 28. Be7 Rfe8 29. Bf3 Be5 30. Bd6 Bxf3 31. gxf3 Rab8 32. Bxe5 Rxe5 33. Rdd7 Rf5 34. Kg2 h5 35. Rd3 Ra8 36. Rb3 Ra5 37. Rbxb7 Raxc5 38. Rxc5 Rxc5 39. Ra7 Rc3 40. Kg3 g6 41. Kf4 Kg7 42. Ra6 Kf8 43. Ra7 Kg7 44. Ra6 Kf8 45. Ra7 1/2-1/2

[Event "10th Floripa Open 2024"]
[Site "Florianopolis"]
[Date "2024.01.22"]
[Round "2.9"]
[White "Rodriguez Vila, Andres"]
[Black "Carvalho Jr, Celestino"]
[Result "1-0"]
[ECO "B12"]
[WhiteElo "2407"]
[BlackElo "1939"]
[Annotator "RC"]
[PlyCount "69"]
[EventDate "2024.01.10"]
[EventType "swiss"]
[EventCountry "BRA"]
[SourceTitle "playchess.com"]
[Source "ChessBase"]
[SourceQuality "1"]
[TimeControl "5400+30"]

1. e4 c6 2. d4 d5 3. e5 Bf5 4. h4 h6 5. g4 Bd7 6. Be3 e6 7. Nd2 Qc7 8. f4 c5 9. c3 Nc6 10. dxc5 f6 11. Bd3 fxe5 12. Bg6+ Kd8 13. Ne2 e4 14. Nd4 Nxd4 15. cxd4 Bb5 16. a4 Bd3 17. Nf3 Ne7 18. Ne5 Nxg6 19. Nxg6 Rg8 20. Ne5 Ba6 21. b4 b5 22. Qe2 Rb8 23. g5 h5 24. Qxh5 g6 25. Qg4 Qc8 26. h5 gxh5 27. Qxh5 Rb7 28. Nf7+ Kc7 29. f5 Kb8 30. fxe6 bxa4 31. g6 Rxb4 32. Qxd5 Bb7 33. Qe5+ Ka8 34. e7 Bg7 35. Qxg7 1-0

[Event "10th Floripa Open 2024"]
[Site "Florianopolis"]
[Date "2024.01.22"]
[Round "2.10"]
[White "Marcolino, Antonio Claudio H."]
[Black "Do Valle Cardoso, Lucas"]
[Result "0-1"]
[ECO "D25"]
[WhiteElo "1925"]
[BlackElo "2392"]
[Annotator "RC"]
[PlyCount "70"]
[EventDate "2024.01.10"]
[EventType "swiss"]
[EventCountry "BRA"]
[SourceTitle "playchess.com"]
[Source "ChessBase"]
[SourceQuality "1"]
[TimeControl "5400+30"]

1. d4 d5 2. c4 dxc4 3. Nf3 Nf6 4. e3 b5 5. a4 b4 6. Bxc4 e6 7. O-O Be7 8. a5 a6 9. Nbd2 O-O 10. Qe2 Bb7 11. e4 Nbd7 12. e5 Nd5 13. Ne4 c5 14. Nd6 Bxd6 15. exd6 cxd4 16. Bxd5 Bxd5 17. Nxd4 Nc5 18. Qg4 Qxd6 19. Bh6 Qe5 20. Rad1 f5 21. Qf4 Qxf4 22. Bxf4 Rfc8 23. Nxf5 Ra7 24. Ne3 Rd8 25. Nc4 Nb3 26. Bg5 Rf8 27. Nb6 Rf5 28. Be3 Re7 29. Nc8 Rc7 30. Nd6 Rf8 31. f3 Rc6 32. Ne4 Nxa5 33. Bd2 Rb8 34. Rc1 Nc4 35. Rb1 Bxe4 0-1

[Event "10th Floripa Open 2024"]
[Site "Florianopolis"]
[Date "2024.01.22"]
[Round "3.1"]
[White "Tari, Aryan"]
[Black "Piasetski, Leon"]
[Result "1-0"]
[ECO "B07"]
[WhiteElo "2623"]
[BlackElo "2155"]
[Annotator "RC"]
[PlyCount "65"]
[EventDate "2024.01.10"]
[EventType "swiss"]
[EventCountry "BRA"]
[SourceTitle "playchess.com"]
[Source "ChessBase"]
[SourceQuality "1"]
[TimeControl "5400+30"]

1. e4 d6 2. d4 Nf6 3. Nc3 g6 4. Bf4 c6 5. Qd2 b5 6. Bd3 Nbd7 7. Nf3 Nb6 8. h3 Bb7 9. O-O Bg7 10. Bh6 O-O 11. e5 Nfd5 12. Ne4 f6 13. Rae1 a5 14. c3 Nc4 15. Bxc4 bxc4 16. exd6 exd6 17. Bf4 Nxf4 18. Qxf4 c5 19. dxc5 Bxe4 20. Qxe4 d5 21. Qe6+ Kh8 22. Nd4 Rc8 23. Qa6 Ra8 24. Qc6 Rc8 25. Qa4 Re8 26. Ne6 Qe7 27. Re2 Qa7 28. Rfe1 Bh6 29. Qd1 Qd7 30. Qd4 Bg7 31. b3 cxb3 32. axb3 Rc6 33. Qa4 1-0

[Event "10th Floripa Open 2024"]
[Site "Florianopolis"]
[Date "2024.01.22"]
[Round "3.2"]
[White "El Debs, Felipe de Cresce"]
[Black "Carvalho, Guillermo"]
[Result "1-0"]
[ECO "D30"]
[WhiteElo "2527"]
[BlackElo "2149"]
[Annotator "TA"]
[PlyCount "55"]
[EventDate "2024.01.10"]
[EventType "swiss"]
[EventCountry "BRA"]
[SourceTitle "playchess.com"]
[Source "ChessBase"]
[SourceQuality "1"]
[TimeControl "5400+30"]

1. d4 d5 2. c4 e6 3. Nf3 c5 4. cxd5 exd5 5. g3 Nf6 6. Bg2 Be7 7. O-O O-O 8. dxc5 Bxc5 9. a3 {[%emt 0:00:19] D30: Queen's Gambit Declined: Systems without Nc3.} a5 {[%emt 0:03:57] 9...h6 is a critical line.} 10. Bg5 Be6 11. Nc3 {[%emt 0:00:46] White is slightly better.} Be7 12. Nd4 {[%emt 0:03:06] [#]} h6 $146 ({Predecessor:} 12... Nc6 13. Nxe6 fxe6 14. Bh3 Qd7 15. e4 d4 16. Ne2 Nxe4 17. Bxe7 Qxe7 18. Nxd4 Nxd4 19. Qxd4 {1-0 Castillo Dalmau,A (2230)-Trenchs Lopez,C (1628) Barcelona Vila de Gracia op 25th 2021 (1)}) 13. Bf4 {[%emt 0:06:55] White is much more active.} Nc6 14. Nxe6 fxe6 15. Qb3 g5 16. Be3 Rb8 (16... Qe8 $16 {keeps fighting.}) 17. Rad1 Kg7 (17... Qe8 $16) 18. Bb6 $18 Qc8 19. Nb5 Ra8 {[%emt 0:09:58] [#]} (19... Bd8 $142) 20. Nc7 $1 Rb8 21. Qe3 Kf7 (21... Kh8 {was worth a try.} 22. Bh3 (22. Nxe6 Ng4 $18) 22... d4) 22. f4 {[%emt 0:00:24] White is clearly winning.} d4 23. Qb3 (23. Bxd4 Nxd4 24. fxg5 (24. Rxd4 Qxc7 25. fxg5 hxg5 $15) 24... hxg5 25. Rxd4 Qxc7 $17) 23... a4 24. Qc4 {[%emt 0:02:14] Strongly threatening fxg5.} gxf4 25. Rxf4 Bd6 {[%emt 0:00:46] [#]} 26. Nxe6 {[%emt 0:01:03][%mdl 576] Double Attack} Ke7 (26... Bxf4 27. Nxf4+) 27. Nxf8 Qxf8 28. Rf5 {[%emt 0:00:32] Artfully played by El Debs.   Weighted Error Value: White=0.04 (flawless) /Black=0.52} 1-0

[Event "10th Floripa Open 2024"]
[Site "Florianopolis"]
[Date "2024.01.22"]
[Round "3.3"]
[White "Tomiello, Mateus Costamilan"]
[Black "Cuenca Jimenez, Jose Fernando"]
[Result "0-1"]
[ECO "A29"]
[WhiteElo "2151"]
[BlackElo "2514"]
[Annotator "ChessBase"]
[PlyCount "110"]
[EventDate "2024.01.10"]
[EventType "swiss"]
[EventCountry "BRA"]
[SourceTitle "playchess.com"]
[Source "ChessBase"]
[SourceQuality "1"]
[TimeControl "5400+30"]

1. c4 e5 2. Nc3 Nf6 3. g3 Bb4 4. Bg2 O-O 5. Nf3 Nc6 6. Nd5 Bc5 7. d3 h6 8. O-O d6 9. e3 a6 10. Bd2 Ba7 11. Bc3 Nxd5 12. cxd5 Ne7 13. Nd2 c6 14. dxc6 Nxc6 15. Qb3 Rb8 16. Nc4 Qc7 17. Qa3 Bc5 18. b4 Ba7 19. Rac1 Bf5 20. Ba1 Qd7 21. Rfd1 Rfd8 22. Qb2 Ne7 23. Na5 Be6 24. Rc2 Bd5 25. Rdc1 Bxg2 26. Kxg2 Qe6 27. Qb3 Qxb3 28. Nxb3 Nd5 29. a3 Bxe3 30. fxe3 Nxe3+ 31. Kf3 Nxc2 32. Rxc2 Rbc8 33. Rd2 f6 34. d4 Kf7 35. Ke4 Ke6 36. d5+ Kf7 37. Na5 Rd7 38. g4 Rc1 39. Bb2 Rf1 40. Ke3 Rf4 41. Rg2 Rc7 42. Kd3 h5 43. gxh5 Rh4 44. Ke3 Rxh5 45. Kd2 Rh4 46. Rf2 g5 47. Bc3 Rh3 48. Bb2 Kg6 49. a4 Rch7 50. Nc4 Rxh2 51. Rxh2 Rxh2+ 52. Kc3 g4 53. Bc1 g3 54. Nxd6 g2 55. Be3 Rh3 0-1

[Event "10th Floripa Open 2024"]
[Site "Florianopolis"]
[Date "2024.01.22"]
[Round "3.4"]
[White "Salinas Herrera, Pablo"]
[Black "Nemeth Junior, Henrique"]
[Result "1-0"]
[ECO "B10"]
[WhiteElo "2477"]
[BlackElo "2147"]
[Annotator "ChessBase"]
[PlyCount "59"]
[EventDate "2024.01.10"]
[EventType "swiss"]
[EventCountry "BRA"]
[SourceTitle "playchess.com"]
[Source "ChessBase"]
[SourceQuality "1"]
[TimeControl "5400+30"]

1. e4 c6 2. Nf3 d5 3. d3 dxe4 4. dxe4 Qxd1+ 5. Kxd1 Nf6 6. Nfd2 g5 7. Nc3 Rg8 8. a4 b6 9. Bd3 Nbd7 10. a5 b5 11. Nf3 h6 12. h4 gxh4 13. Nxh4 Ne5 14. Bf4 Nxd3 15. cxd3 Be6 16. Ke2 a6 17. Be3 Nd7 18. g3 O-O-O 19. Nf5 Bxf5 20. exf5 Ne5 21. Rad1 Ng4 22. Bb6 Re8 23. Ne4 e6 24. Rh5 Be7 25. fxe6 fxe6 26. Bd4 e5 27. Bxe5 Nxe5 28. Rxe5 Bb4 29. d4 c5 30. Nd6+ 1-0

[Event "10th Floripa Open 2024"]
[Site "Florianopolis"]
[Date "2024.01.22"]
[Round "3.5"]
[White "Jordao Barbosa, Marcio"]
[Black "Galego, Luis"]
[Result "0-1"]
[ECO "B38"]
[WhiteElo "2146"]
[BlackElo "2468"]
[Annotator "RC"]
[PlyCount "102"]
[EventDate "2024.01.10"]
[EventType "swiss"]
[EventCountry "BRA"]
[SourceTitle "playchess.com"]
[Source "ChessBase"]
[SourceQuality "1"]
[TimeControl "5400+30"]

1. e4 c5 2. Nf3 a6 3. c4 d6 4. d4 cxd4 5. Nxd4 Nf6 6. Nc3 g6 7. Be2 Bg7 8. O-O O-O 9. Be3 Nc6 10. h3 Bd7 11. Qc2 Rc8 12. Rac1 Nxd4 13. Bxd4 Bc6 14. Rfd1 Qa5 15. Nd5 Bxd5 16. exd5 Nd7 17. Bg4 f5 18. Bxg7 Kxg7 19. Be2 Ne5 20. f4 Nd7 21. Qc3+ Qxc3 22. Rxc3 a5 23. Rb3 Rc7 24. Rb5 b6 25. Rc1 Rb8 26. Rc3 Rc5 27. Rcb3 Kf6 28. Kf2 Rxb5 29. Rxb5 g5 30. g3 gxf4 31. gxf4 Nc5 32. h4 h6 33. Bf3 Kf7 34. Bh5+ Kg7 35. Ke3 Kf6 36. Bf3 Nd7 37. b3 Nc5 38. Kf2 Na6 39. a4 Nc7 40. h5 Nxb5 41. axb5 Ra8 42. Bd1 e6 43. dxe6 Kxe6 44. Bf3 Ra7 45. Ke3 a4 46. bxa4 Rxa4 47. Kd4 Ra3 48. Be2 Rh3 49. Bd1 Rh4 50. Ke3 d5 51. Be2 Kd6 0-1

[Event "10th Floripa Open 2024"]
[Site "Florianopolis"]
[Date "2024.01.22"]
[Round "3.6"]
[White "Starke, Bruno Orlando"]
[Black "Haldorsen, Benjamin"]
[Result "1-0"]
[ECO "A15"]
[WhiteElo "2145"]
[BlackElo "2427"]
[Annotator "ChessBase"]
[PlyCount "107"]
[EventDate "2024.01.10"]
[EventType "swiss"]
[EventCountry "BRA"]
[SourceTitle "playchess.com"]
[Source "ChessBase"]
[SourceQuality "1"]
[TimeControl "5400+30"]

1. Nf3 Nf6 2. c4 b6 3. g3 Bb7 4. Bg2 g6 5. O-O Bg7 6. Nc3 O-O 7. Re1 d6 8. e4 e5 9. d4 exd4 10. Nxd4 Nbd7 11. f3 Nc5 12. Be3 a5 13. Qc2 Nfd7 14. Rad1 Ne5 15. b3 Re8 16. Bf2 Nc6 17. Ndb5 a4 18. Nd5 axb3 19. axb3 Rc8 20. f4 Na6 21. e5 Ncb4 22. Nxb4 Nxb4 23. Qd2 Bxg2 24. Kxg2 Na6 25. exd6 Rxe1 26. Rxe1 Qd7 27. Re7 Qc6+ 28. Qd5 cxd6 29. Nxd6 Qxd5+ 30. cxd5 Rc2 31. Re8+ Bf8 32. Nc4 Nc7 33. d6 Nxe8 34. d7 Nf6 35. d8=Q Ng4 36. Ne5 Rxf2+ 37. Kg1 Nxe5 38. Kxf2 Nc6 39. Qxb6 Nb4 40. Ke2 h5 41. Qd4 Nc6 42. Qc4 Nb4 43. h3 Kg7 44. g4 hxg4 45. hxg4 Kg8 46. Kf3 Be7 47. Ke4 Kg7 48. f5 Na2 49. g5 gxf5+ 50. Kxf5 Nb4 51. Qd4+ Kg8 52. Qd7 Kf8 53. g6 fxg6+ 54. Kxg6 1-0

[Event "10th Floripa Open 2024"]
[Site "Florianopolis"]
[Date "2024.01.22"]
[Round "3.7"]
[White "Silva, Kaua Marques"]
[Black "Rodriguez Vila, Andres"]
[Result "0-1"]
[ECO "B33"]
[WhiteElo "2142"]
[BlackElo "2407"]
[Annotator "RC"]
[PlyCount "76"]
[EventDate "2024.01.10"]
[EventType "swiss"]
[EventCountry "BRA"]
[SourceTitle "playchess.com"]
[Source "ChessBase"]
[SourceQuality "1"]
[TimeControl "5400+30"]

1. e4 c5 2. Nf3 Nc6 3. d4 cxd4 4. Nxd4 Qb6 5. Nb3 e6 6. Bd3 Nf6 7. Nc3 a6 8. Be3 Qc7 9. f4 d5 10. exd5 exd5 11. O-O Bd6 12. Qf3 O-O 13. Nxd5 Nxd5 14. Qxd5 Nb4 15. Qf3 Nxd3 16. cxd3 Bf5 17. Rac1 Qd7 18. Nd4 Bg4 19. Qf2 Rfe8 20. h3 Be6 21. a3 Bd5 22. Rfe1 Be7 23. Ne2 Qf5 24. Nc3 Bc6 25. Rcd1 Rad8 26. g4 Qc8 27. Bb6 Rd6 28. d4 Rh6 29. Qg3 Bh4 30. Rxe8+ Bxe8 31. Qg2 Rxb6 32. g5 Bc6 33. d5 Bd7 34. Kh2 Qc4 35. Ne4 Bf5 36. d6 Qa4 37. Rd5 Qxe4 38. d7 Qxf4+ 0-1

[Event "10th Floripa Open 2024"]
[Site "Florianopolis"]
[Date "2024.01.22"]
[Round "3.8"]
[White "Do Valle Cardoso, Lucas"]
[Black "Zampronha, Wladimir Camilo"]
[Result "1-0"]
[ECO "D02"]
[WhiteElo "2392"]
[BlackElo "2121"]
[Annotator "RC"]
[PlyCount "73"]
[EventDate "2024.01.10"]
[EventType "swiss"]
[EventCountry "BRA"]
[SourceTitle "playchess.com"]
[Source "ChessBase"]
[SourceQuality "1"]
[TimeControl "5400+30"]

1. d4 Nf6 2. Bf4 e6 3. Nf3 c5 4. e3 d5 5. c3 Nc6 6. Nbd2 Bd6 7. Bg3 O-O 8. Bd3 Qe7 9. Ne5 Nd7 10. Nxd7 Qxd7 11. dxc5 Bxc5 12. Nf3 Qe7 13. Bh4 f6 14. Qc2 g5 15. Bg3 e5 16. Bf5 e4 17. Bxc8 Raxc8 18. Ng1 Ne5 19. Bxe5 Qxe5 20. Ne2 Rf7 21. O-O-O Rd7 22. Kb1 b5 23. Qb3 Rb8 24. a3 a5 25. Rd2 a4 26. Qd1 Bf8 27. g4 f5 28. Nd4 Rc8 29. Nxf5 Bxa3 30. bxa3 Rxc3 31. Rxd5 Qe6 32. Rxd7 Rb3+ 33. Kc1 Qc6+ 34. Qc2 Qxd7 35. Rd1 Rd3 36. Rxd3 exd3 37. Qc3 1-0

[Event "10th Floripa Open 2024"]
[Site "Florianopolis"]
[Date "2024.01.22"]
[Round "3.9"]
[White "Do Nascimento, Christian Almeida"]
[Black "Perez Gormaz, Matias"]
[Result "0-1"]
[ECO "E11"]
[WhiteElo "2123"]
[BlackElo "2388"]
[Annotator "RC"]
[PlyCount "124"]
[EventDate "2024.01.10"]
[EventType "swiss"]
[EventCountry "BRA"]
[SourceTitle "playchess.com"]
[Source "ChessBase"]
[SourceQuality "1"]
[TimeControl "5400+30"]

1. d4 d5 2. c4 e6 3. Nf3 Nf6 4. g3 Bb4+ 5. Bd2 a5 6. a3 Be7 7. Bg2 O-O 8. Qc2 c6 9. O-O Nbd7 10. Rd1 h6 11. Bf4 a4 12. Nbd2 Nh5 13. Rac1 f5 14. Be5 g5 15. h3 Nxe5 16. Nxe5 Bd6 17. Ndf3 Nf6 18. c5 Bc7 19. Nd3 Qe7 20. Nfe5 Qg7 21. e3 Ne4 22. Kh2 Bd7 23. Qe2 Be8 24. Rg1 Kh8 25. f3 Nf6 26. Rb1 Nd7 27. f4 Nxe5 28. fxe5 Bg6 29. Bf3 Qh7 30. Bh5 Bxh5 31. Qxh5 f4 32. Qe2 fxe3 33. Qxe3 Qe4 34. Rbe1 Rf3 35. Qxe4 dxe4 36. Nb4 Rb3 37. Rg2 Ba5 38. Rxe4 Bxb4 39. axb4 Rxb4 40. h4 Rf8 41. Kh3 Kg7 42. hxg5 hxg5 43. Kg4 Kg6 44. Rge2 Rf1 45. d5 Rxe4+ 46. Rxe4 cxd5 47. Rxa4 Rc1 48. Ra7 Rxc5 49. Rxb7 Rc4+ 50. Kf3 Kf5 51. b4 Rc3+ 52. Kf2 Kxe5 53. b5 Ke4 54. Re7 e5 55. b6 Rb3 56. b7 Kd4 57. Rc7 e4 58. Re7 Rb2+ 59. Kf1 Kd3 60. Re5 d4 61. Rxg5 Rxb7 62. Ra5 Ke3 0-1

[Event "10th Floripa Open 2024"]
[Site "Florianopolis"]
[Date "2024.01.22"]
[Round "3.10"]
[White "Perez, Maximiliano"]
[Black "Lima, Kleyton Alcantara"]
[Result "1/2-1/2"]
[ECO "C55"]
[WhiteElo "2383"]
[BlackElo "2119"]
[Annotator "RC"]
[PlyCount "99"]
[EventDate "2024.01.10"]
[EventType "swiss"]
[EventCountry "BRA"]
[SourceTitle "playchess.com"]
[Source "ChessBase"]
[SourceQuality "1"]
[TimeControl "5400+30"]

1. e4 e5 2. Nf3 Nc6 3. Bc4 Nf6 4. d3 Be7 5. O-O O-O 6. Re1 d6 7. a3 Na5 8. Ba2 c5 9. b4 Nc6 10. bxc5 dxc5 11. h3 h6 12. Bb2 Qc7 13. Nbd2 Re8 14. Nc4 Bf8 15. Ne3 b5 16. Nh2 Be6 17. Bxe6 Rxe6 18. a4 b4 19. Nhg4 Nxg4 20. hxg4 Rd8 21. g3 Na5 22. c4 bxc3 23. Bxc3 Nc6 24. Qe2 Qd7 25. Red1 Rd6 26. Nd5 Rg6 27. Ne3 Rd6 28. Nd5 Rg6 29. f3 h5 30. Ne3 Nd4 31. Bxd4 exd4 32. Nc4 Qc7 33. e5 hxg4 34. f4 Rh6 35. Qe4 f5 36. Qxf5 Qb7 37. Qe4 Qb3 38. Rd2 Rb8 39. a5 Rb4 40. f5 Ra4 41. Rad1 Ra2 42. Qxg4 Rxd2 43. Rxd2 Qb7 44. Qe4 Qb1+ 45. Kf2 Rh2+ 46. Kf3 Qf1+ 47. Kg4 Qh3+ 48. Kf3 Qf1+ 49. Kg4 Qh3+ 50. Kf3 1/2-1/2

[Event "10th Floripa Open 2024"]
[Site "Florianopolis"]
[Date "2024.01.23"]
[Round "4.1"]
[White "Cunha, Lucas Aguiar"]
[Black "Tari, Aryan"]
[Result "0-1"]
[ECO "B12"]
[WhiteElo "2230"]
[BlackElo "2623"]
[Annotator "TA"]
[PlyCount "42"]
[EventDate "2024.01.10"]
[EventType "swiss"]
[EventCountry "BRA"]
[SourceTitle "playchess.com"]
[Source "ChessBase"]
[SourceQuality "1"]
[TimeControl "5400+30"]

1. e4 c6 2. d4 d5 3. e5 Bf5 4. Nf3 e6 5. Be2 Nd7 6. O-O a5 {[%emt 0:00:03] B12: Caro-Kann: Advance Variation.} 7. a4 f6 8. c4 fxe5 {[%emt 0:00:42] The position is equal.} 9. dxe5 Bc5 10. cxd5 exd5 11. Nd4 Ne7 {[%emt 0:03:29] [#]} 12. Nxf5 $146 (12. g4 $11 Bxb1 13. Rxb1) ({Predecessor:} 12. g4 Bxb1 13. Rxb1 Nxe5 14. Ne6 Qd6 15. Nxc5 Qxc5 16. b4 axb4 17. Bb2 N7g6 18. Rc1 {0-1 Atabayev,S (2433)-Daneshvar,B (2555) Asian Continental op 20th 2023 (3)}) 12... Nxf5 $15 13. Bd3 {[%emt 0:00:43] [#]} ({Better is} 13. Kh1 $15) 13... O-O $1 $19 {[%emt 0:08:35] And now ...Qh4 would win.} 14. e6 ({Wrong is} 14. Qh5 $2 g6 15. Qh3 Nxe5 $19) (14. Bf4 {was necessary.}) 14... Ne5 {[%emt 0:01:09] Hoping for ...Qh4.} 15. Bxf5 Rxf5 16. Qc2 Qf8 {[%emt 0:02:01][%cal Oe5d3] White must now prevent ...Nd3!} 17. Nc3 Re8 18. Be3 $2 (18. e7 {only move.} Rxe7 19. Nxd5 Nf3+ 20. gxf3 Rxd5 21. f4) 18... d4 (18... Rxe6 $2 {too greedy.} 19. Ne2 (19. Bxc5 {is a self mate.} Nf3+ 20. Kh1 Rh5) 19... Bxe3 20. fxe3 Rxf1+ 21. Rxf1 $19) 19. Ne4 dxe3 20. Nxc5 {[%emt 0:00:34] [#]} Nf3+ $1 21. gxf3 (21. Kh1 Rh5) 21... Rg5+ {[%emt 0:00:06] Black took control after the opening.   Weighted Error Value: White=0.89/Black=0.02 (flawless)} 0-1

[Event "10th Floripa Open 2024"]
[Site "Florianopolis"]
[Date "2024.01.23"]
[Round "4.2"]
[White "Gattass, Allan"]
[Black "El Debs, Felipe de Cresce"]
[Result "0-1"]
[ECO "B72"]
[WhiteElo "2225"]
[BlackElo "2527"]
[Annotator "TA"]
[PlyCount "100"]
[EventDate "2024.01.10"]
[EventType "swiss"]
[EventCountry "BRA"]
[SourceTitle "playchess.com"]
[Source "ChessBase"]
[SourceQuality "1"]
[TimeControl "5400+30"]

1. e4 c5 2. Nf3 Nc6 3. d4 cxd4 4. Nxd4 g6 5. Nc3 Bg7 6. Be3 Nf6 7. Nb3 d6 8. Be2 O-O 9. Qd2 Be6 10. Bh6 Rc8 11. Bxg7 Kxg7 12. O-O {[%emt 0:03:21] B72: Sicilian Dragon: 6 Be3, lines with h3+Bc4 and sidelines.} a6 13. f4 {[%emt 0:03:33] [#]} b5 $146 ({Predecessor:} 13... Qb6+ 14. Kh1 Ng4 15. Bxg4 Bxg4 16. Nd5 Qd8 17. f5 e6 18. f6+ Kh8 19. Ne3 Ne5 20. h3 Nc4 21. Nxc4 Rxc4 22. hxg4 Rxe4 23. Rf3 Rxg4 24. Qh6 {1-0 Offen,N-Schmid,T Schleswig Holstein-chC U18 1993 (8)}) 14. Bf3 {[%emt 0:01:27] The position is equal.} Na5 15. Nxa5 (15. e5 $5 Ng4 16. exd6 Nxb3 17. axb3 Qb6+ 18. Kh1 Qxd6 19. Qxd6 exd6 20. Rfe1 $11 (20. Rxa6 Ne3 $11)) 15... Qxa5 16. a3 {[%emt 0:01:16] Wards off Qb4} Rc4 17. Qe3 Qc7 18. Be2 Qc5 19. Qxc5 Rxc5 20. Bd3 Rb8 21. Ne2 Bc4 22. Nc3 a5 23. Rfc1 b4 24. axb4 axb4 25. Na4 Rc6 {[%emt 0:05:45] Black is more active.} 26. b3 Bb5 27. Nb2 Bxd3 (27... Rc7 $5 28. e5 dxe5 29. fxe5 Ng4 $17) 28. cxd3 {[%emt 0:01:08] Loses the game.} (28. Nxd3 $15 Nxe4 29. Ra7) 28... Rc3 $19 29. Rxc3 bxc3 {[%emt 0:00:36][%mdl 4096] Endgame KRN-KRN} 30. Nd1 Rxb3 {[%emt 0:00:28] White must now prevent ...c2.} 31. Rc1 {[%emt 0:00:13] [#] Against c2} c2 {[%emt 0:00:29][%mdl 576] Discovered Attack} 32. Rxc2 Rxd3 33. Nc3 Re3 34. e5 dxe5 35. fxe5 Rxe5 {[%emt 0:00:07] [#] Threatens to win with ...Rc5.} 36. Re2 $2 (36. Rb2) 36... Rxe2 {[%emt 0:00:07] Black is clearly winning.} 37. Nxe2 {[%emt 0:00:06] KN-KN} Ne4 {[%emt 0:00:45] Prevents Nc3.} 38. g3 e5 {[%emt 0:00:09] Wards off Nd4} 39. Kg2 f5 40. Nc1 Kf6 41. Nd3 Ke6 {[%emt 0:00:16] Strongly threatening ...g5.} 42. h4 Kd5 43. Nb4+ Kc5 44. Nd3+ Kd4 45. Nb4 Nf6 46. Nc6+ Kd5 (46... Ke4 $142 47. Kh2 Ng4+ 48. Kh3 Kd3) 47. Nb4+ Kc5 (47... Ke4 $142 48. Nc6 f4 49. gxf4 exf4) 48. Nd3+ Kd4 49. Nb4 Kc3 50. Nc6 e4 {[%emt 0:00:13] Weighted Error Value: White=0.47/Black=0.03 (flawless)} 0-1

[Event "10th Floripa Open 2024"]
[Site "Florianopolis"]
[Date "2024.01.23"]
[Round "4.3"]
[White "Cuenca Jimenez, Jose Fernando"]
[Black "Piccoli, Lucas Fonseca"]
[Result "1-0"]
[ECO "D02"]
[WhiteElo "2514"]
[BlackElo "2263"]
[Annotator "TA"]
[PlyCount "75"]
[EventDate "2024.01.10"]
[EventType "swiss"]
[EventCountry "BRA"]
[SourceTitle "playchess.com"]
[Source "ChessBase"]
[SourceQuality "1"]
[TimeControl "5400+30"]

1. d4 Nf6 2. Bf4 e6 3. e3 c5 4. Nf3 d5 5. Nbd2 Bd6 6. Bb5+ {[%emt 0:03:09] D02: 1 d4 d5 2 Nf3 sidelines, including 2...Nf6 3 g3 and 2...Nf6 3 Bf4.} Nc6 $1 7. dxc5 Bxc5 8. O-O {[%emt 0:02:29] The position is equal.} O-O 9. c4 {[%emt 0:00:02] [#]} Nh5 $146 ({Predecessor:} 9... Be7 10. cxd5 Qxd5 11. Qe2 Bd7 12. e4 Qh5 13. e5 Nd5 14. Bg3 a6 15. Bc4 Nb6 {½-½ Nisipeanu,L (2615)-Forcen Esteban,D (2566) EU-Cup 37th Mayrhofen 2022 (6.5)}) 10. Bg5 Be7 (10... f6 $11 11. Bh4 g5) 11. cxd5 $16 exd5 12. Bxc6 bxc6 13. Bxe7 Qxe7 14. Nd4 ({White should play} 14. Rc1 $16) 14... g6 {[%emt 0:19:21] White now steadily converts the win.} (14... c5 $1 $11 {keeps the balance.}) 15. Nxc6 Qb7 {[%emt 0:00:08] Black is weak on the dark squares} 16. Qc2 {[%emt 0:02:26] White is more active.} Bf5 17. Qc3 Rac8 18. Rfc1 Rc7 {[%emt 0:02:28] [#] White must now prevent ...Rfc8.} 19. Qb3 Qxb3 20. Nxb3 ({Not} 20. axb3 Rfc8 21. h3 Rxc6 $15) 20... Rfc8 21. Ncd4 Bc2 $2 {[%emt 0:00:35] [#]} (21... Bd7 $16 22. Rxc7 Rxc7) 22. Nb5 $1 $18 Re7 23. N3d4 Bf5 24. Nxf5 {[%emt 0:00:00] A dynamic duo of knights.} Rxc1+ 25. Rxc1 {[%emt 0:00:00] Intending Rc8+ and mate.} gxf5 {[%emt 0:00:10][%mdl 4096] Endgame KRN-KRN} 26. Nd4 Re5 27. Rc8+ Kg7 28. g3 f4 29. gxf4 Re4 30. Rc6 Kf8 31. Rc8+ $2 (31. f5 $18) 31... Ke7 $2 (31... Kg7 $1 $11 {and Black stays safe.} 32. f3 Rxd4 33. exd4 Nxf4) 32. Rc7+ {[%emt 0:00:00] White is clearly winning.} Ke8 33. Rxa7 Ng7 34. Ra5 Ne6 35. Rxd5 Nxd4 36. Rxd4 Re6 37. a4 Rc6 38. b4 {[%emt 0:00:00] Weighted Error Value: White=0.24 (precise) /Black=0.65} 1-0